 Dungeon Crawl Stone Soup version 0.29.1-2-gbd0b4ee654 (webtiles) character file.

Game seed: 13114425571365837588

23 DemonSlayer the Firebug (level 2, -7/19 HPs)
             Began as a Demonspawn Fire Elementalist on Nov 5, 2022.
             Mangled by a gnoll
             ... wielding a +0 flail
              (8 damage)
             ... on level 1 of the Dungeon.
             The game lasted 00:01:57 (562 turns).

DemonSlayer the Firebug (DsFE)                       Turns: 562, Time: 00:01:58

Health: -7/19      AC:  2    Str:  8    XL:     2   Next: 75%
Magic:  0/5        EV: 12    Int: 16    God:
Gold:   27         SH:  0    Dex: 13    Spells: 2/5 levels left

rFire   . . .      SeeInvis .   e - +0 dagger
rCold   . . .      Faith    .   (no shield)
rNeg    . . .      Spirit   .   a - +0 robe
rPois   .          Reflect  .   (no helmet)
rElec   .          Harm     .   (no cloak)
rCorr   .          Rampage  .   (no gloves)
Will    .....                   (no boots)
Stlth   ++........              (no amulet)
HPRegen 0.06/turn               (no ring)
MPRegen 0.09/turn               (no ring)

@: brilliant
A: demonic magic 1
a: no special abilities


You were on level 1 of the Dungeon.
You visited 1 branch of the dungeon, and saw 1 of its levels.

You collected 27 gold pieces.

Inventory:

Hand Weapons
 e - a +0 dagger (weapon)
Armour
 a - a +0 robe (worn)
Jewellery
 f - a +6 ring of strength
Scrolls
 b - a scroll of noise {unknown}
Potions
 c - a potion of brilliance
 d - a potion of haste {unknown}


   Skills:
 + Level 1.8 Dodging
 + Level 1.9 Stealth
 + Level 2.4 Spellcasting
 + Level 1.3 Conjurations
 + Level 3.1 Fire Magic


You had 2 spell levels left.
You knew the following spells:

 Your Spells              Type           Power      Damage    Failure   Level
a - Foxfire               Conj/Fire      52%        2x1d6     9%          1
b - Scorch                Fire           34%        2d7       9%          2

Your spell library contained the following spells:

 Spells                   Type           Power      Damage    Failure   Level
 Conjure Flame            Conj/Fire      13%        6-21      24%         3
 Inner Flame              Hex/Fire       10%        N/A       32%         3
 Flame Wave               Conj/Fire      13%        2d6       63%         4
 Freezing Cloud           Conj/Ice/Air   2%         6-21      99%         5
 Simulacrum               Ice/Necr       1%         N/A       100%        6
 Polar Vortex             Ice            1%         N/A       100%        9


Dungeon Overview and Level Annotations

Branches:
Dungeon (1/15)

Altars:


Innate Abilities, Weirdness & Mutations

Spells you cast may paralyse adjacent enemies.


Message History

The kobold hits you but does no damage.
You conjure some foxfire!
Malevolent energies surge around you.
The goblin suddenly stops moving!
The kobold barely misses you.
The helpless goblin fails to defend itself.
You puncture the goblin!
You kill the goblin!
The foxfire hits the kobold.
You kill the kobold!
The foxfire hits the goblin.
The goblin is severely wounded.
Your Fire Magic skill increases to level 3!
You conjure some foxfire!
Malevolent energies surge around you.
The gnoll suddenly stops moving!
The helpless gnoll fails to defend itself.
You hit the gnoll.
The gnoll is heavily wounded.
The foxfire hits the gnoll.
The gnoll is lightly wounded.
The foxfire hits the gnoll.
The gnoll is moderately wounded.
The gnoll hits you with a +0 club. The goblin hits you with a +0 dagger.
The goblin attacks as you move away! The goblin hits you but does no damage.
The gnoll attacks as you move away! The gnoll barely misses you.
The goblin attacks as you move away! The goblin misses you.
The gnoll is no longer paralysed.
Your magical contamination has completely faded away.
Flames lash the gnoll.
The gnoll is severely wounded.
The gnoll's fire resistance burns away.
Malevolent energies surge around you.
The gnoll suddenly stops moving!
The helpless gnoll fails to defend itself.
You hit the gnoll.
You kill the gnoll!
It was a potion of brilliance.
You feel clever all of a sudden. The gnoll hits you with a +0 flail!
* * * LOW HITPOINT WARNING * * *
Okay, then.
The gnoll attacks as you move away! The gnoll hits you with a +0 flail!
You die...

###.#.####..)..##
#.# #...#.#.......##
#.# ..###.#......).#
#.. ..###.#.#...#..#
## #.....#...#.##.#
..).##...##.##.###
#..†....###..)...#
#.......# ####.#.#
#.##....# #.#@#
#.##....#
###.#g######
####..>...
#....g.)...# #
#...........##.)...#
#
#.......$...##.....#
#...............
..... ......... #...
#.#....... #... #.
##.....


You could see a gnoll and a goblin.

Vanquished Creatures
  A gnoll (D:1)
  A bat (D:1)
  2 giant cockroaches (D:1)
  4 goblins (D:1)
  A frilled lizard (D:1)
  3 kobolds (D:1)
  A rat (D:1)
13 creatures vanquished.

Vanquished Creatures (others)
  31 foxfires (D:1)
  4 toadstools (D:1)
35 creatures vanquished.

Grand Total: 48 creatures vanquished

Notes
Turn   | Place    | Note
-------+----------+-------------------------------------------
     0 | D:1      | DemonSlayer the Demonspawn Fire Elementalist began the
                  | quest for the Orb.
     0 | D:1      | Reached XP level 1. HP: 13/13 MP: 3/3
   280 | D:1      | Gained mutation: Spells you cast may paralyse adjacent
                  | enemies. [demonic ancestry]
   280 | D:1      | Reached XP level 2. HP: 16/19 MP: 1/5
   285 | D:1      | Learned a level 2 spell: Scorch
   555 | D:1      | Reached skill level 3 in Fire Magic
   562 | D:1      | Mangled by a gnoll

Illustrated notes

Levels and vault maps discovered:
D:1:      ldierk_water_garden, layout_basic,
          hellmonk_ecumenical_altar_pennies_from_heaven, hex_intersection,
          skrybe_limestone_x

Skill      XL: |  1  2 |
---------------+-------+-----
Fire Magic     | 3 |  3.1
Dodging        | |  1.8
Stealth        | |  1.9
Spellcasting   | |  2.4
Conjurations   | |  1.3

Action                   || total
-------------------------++-------
Melee: Unarmed           ||     4
       Dagger            ||     9
 Cast: Foxfire           ||    20
       Scorch            ||     1
  Use: Potion            ||     2
 Stab: Paralysed         ||     4
Armor: Robe              ||     8
Dodge: Dodged            ||    21
